 Dungeon Crawl Stone Soup version 0.25-a0-665-ga69d64035b (webtiles) character file.

Game seed: 13950699207372278050, levelgen mode: deterministic

522272 ReteAZ the Wrestler (level 25, -2/238 HPs)
             Began as a Ghoul Fighter on Mar 26, 2020.
             Was the Champion of Makhleb.
             Killed from afar by Jory (39 damage)
             ... with a crystal spear
             ... on level 5 of the Vaults.
             The game lasted 02:47:47 (52209 turns).

ReteAZ the Wrestler (Ghoul Fighter)                Turns: 52209, Time: 02:47:47

Health: -2/238     AC: 28    Str: 30    XL:     25   Next: 92%
Magic:  32/32      EV: 12    Int: 15    God:    Makhleb [******]
Gold:   8375       SH: 25    Dex: 16    Spells: 24/24 levels left

rFire    + + .     SeeInvis +     - Unarmed
rCold    + + .     Gourm    .   K - +2 tower shield
rNeg     + + +     Faith    .   j - +3 plate armour {MR+}
rPois    ∞         Spirit   .   Z - +0 helmet of the Game Afoot {*Contam Int+8}
rElec    +         Reflect  .   s - scarf {repulsion}
rCorr    .         Harm     .   I - +2 pair of gloves {Dex+3}
MR       +++..                  S - +0 pair of boots of Nenom {Str+4}
Stlth    ..........             b - amulet of Asucyl {Fragile rElec rF+ Regen+ SInv}
HPRegen  0.00/turn              z - ring of protection from magic
MPRegen  0.23/turn              m - ring "Isatumi" {rF+ rC+ Dex+3 Stlth+}

@: very slightly contaminated, rotting, repel missiles
A: rotting body, claws 1, carnivore, cold resistance 1, negative energy
resistance 3, inhibited regeneration, torment resistance, unbreathing
}: 2/15 runes: decaying, serpentine
a: Minor Destruction, Lesser Servant of Makhleb, Major Destruction, Greater
Servant of Makhleb, Renounce Religion


You were on level 5 of the Vaults.
You worshipped Makhleb.
Makhleb was exalted by your worship.
You were not hungry.

You visited 9 branches of the dungeon, and saw 45 of its levels.
You visited the Abyss 3 times.
You also visited: Ossuary, Gauntlet, Ice Cave and Volcano.

You collected 11475 gold pieces.
You spent 3100 gold pieces at shops.

Inventory:

Missiles
 t - a throwing net
 G - 2 curare-tipped darts (quivered)
 N - 55 javelins
Armour
 j - a +3 plate armour of magic resistance (worn)
 s - a scarf of repulsion (worn)
 u - a +2 helmet of see invisible
 I - a +2 pair of gloves of dexterity (worn)
 K - a +2 tower shield (worn)
 L - +0 gold dragon scales
 S - the +0 pair of boots of Nenom (worn) {Str+4}
   (You acquired it on level 3 of the Vaults)

   It affects your strength (+4).
 Z - the +0 helmet of the Game Afoot (worn) {*Contam Int+8}
   (You found it on level 11 of the Dungeon)

   It affects your intelligence (+8).
   It causes magical contamination when unequipped.
Jewellery
 b - the amulet of Asucyl (around neck) {Fragile rElec rF+ Regen+ SInv}
   (You acquired it on level 2 of the Depths)

   [amulet of regeneration]

   It protects you from fire.
   It insulates you from electricity.
   It lets you see invisible.
   It increases your rate of regeneration.
   It will be destroyed if unequipped.
 e - the ring of Henotheism {rElec AC+3}
   (You took it off a skeletal warrior on level 2 of the Depths)

   [ring of protection]

   It affects your AC (+3).
   It insulates you from electricity.
 m - the ring "Isatumi" (right hand) {rF+ rC+ Dex+3 Stlth+}
   (You acquired it on level 3 of the Snake Pit)

   [ring of stealth]

   It affects your dexterity (+3).
   It protects you from fire.
   It protects you from cold.
   It makes you more stealthy.
 z - a ring of protection from magic (left hand)
 D - an uncursed ring of fire
 Y - a +4 ring of evasion
Wands
 f - a wand of iceblast (46)
 r - a wand of scattershot (6)
 x - a wand of disintegration (26)
 y - a wand of enslavement (16)
 H - a wand of clouds (7)
 O - a wand of digging (29)
 R - a wand of paralysis (22)
 U - a wand of acid (27)
 X - a wand of flame (79)
Scrolls
 a - 6 scrolls of fear
 c - 6 scrolls of blinking
 h - 3 scrolls of summoning
 n - 20 scrolls of teleportation
 w - 22 scrolls of remove curse
 A - 7 scrolls of enchant armour
 F - 2 scrolls of noise
 J - a scroll of amnesia
 Q - 25 scrolls of identify
 T - 6 scrolls of magic mapping
 W - 10 scrolls of fog
Potions
 g - 12 potions of stabbing
 i - 6 potions of brilliance
 k - a potion of might
 l - 9 potions of lignification
 o - 34 potions of curing
 p - a potion of invisibility
 q - 9 potions of heal wounds
 v - 10 potions of cancellation
 B - 9 potions of resistance
 C - 10 potions of flight
 M - a potion of magic
 P - 4 potions of haste
Miscellaneous
 E - a lamp of fire
 V - a lamp of fire
Comestibles
 d - 77 rations


   Skills:
 + Level 22.2 Fighting
 + Level 17.3 Armour
 - Level 8.0 Dodging
 + Level 18.2 Shields
 + Level 24.7 Unarmed Combat
 - Level 6.0 Invocations
 - Level 14.0 Evocations


You had 24 spell levels left.
You didn't know any spells.
Your spell library contained the following spells:

 Spells                   Type           Power        Failure   Level  Hunger
 Animate Skeleton         Necr           N/A          97%         1    ##.....
 Apportation              Tloc           #.....       97%         1    ##.....
 Corona                   Hex            #......      97%         1    ##.....
 Foxfire                  Conj/Fire      #...         97%         1    ##.....
 Infusion                 Chrm           #...         97%         1    ##.....
 Magic Dart               Conj           #...         97%         1    ##.....
 Pain                     Necr           #...         97%         1    ##.....
 Sandblast                Erth           #.....       97%         1    ##.....
 Sting                    Tmut/Pois      #...         97%         1    ##.....
 Summon Butterflies       Summ           #.......     97%         1    ##.....
 Summon Small Mammal      Summ           #...         97%         1    ##.....
 Blink                    Tloc           N/A          99%         2    ###....
 Call Imp                 Summ           #.......     99%         2    ###....
 Ensorcelled Hibernation  Hex/Ice        #.....       99%         2    ###....
 Passwall                 Tmut/Erth      #.......     99%         2    ###....
 Poisonous Vapours        Pois/Air       #.....       99%         2    ###....
 Searing Ray              Conj           #.....       99%         2    ###....
 Shroud of Golubria       Chrm/Tloc      #.....       99%         2    ###....
 Slow                     Hex            #.......     99%         2    ###....
 Song of Slaying          Chrm           #.......     99%         2    ###....
 Sticks to Snakes         Tmut           #.......     99%         2    ###....
 Call Canine Familiar     Summ           #.......     100%        3    ####...
 Confusing Touch          Hex            #.......     100%        3    ####...
 Conjure Flame            Conj/Fire      #.......     100%        3    ####...
 Dazzling Flash           Conj/Hex       #.....       100%        3    ####...
 Frozen Ramparts          Ice            #.....       100%        3    ####...
 Gell's Gravitas          Tloc           #.........   100%        3    ####...
 Ignite Poison            Fire/Tmut/Pois #.......     100%        3    ####...
 Inner Flame              Hex/Fire       #.......     100%        3    ####...
 Lesser Beckoning         Tloc           #.........   100%        3    ####...
 Mephitic Cloud           Conj/Pois/Air  #.......     100%        3    ####...
 Ozocubu's Armour         Chrm/Ice       #.......     100%        3    ####...
 Portal Projectile        Hex/Tloc       #.....       100%        3    ####...
 Recall                   Summ/Tloc      N/A          100%        3    ####...
 Spectral Weapon          Hex/Chrm       #.......     100%        3    ####...
 Stone Arrow              Conj/Erth      #.....       100%        3    ####...
 Summon Guardian Golem    Hex/Summ       #.......     100%        3    ####...
 Tukima's Dance           Hex            #.......     100%        3    ####...
 Vampiric Draining        Necr           #.........   100%        3    ####...
 Animate Dead             Necr           N/A          100%        4    #####..
 Cause Fear               Hex            #.........   100%        4    #####..
 Dispel Undead            Necr           #.......     100%        4    #####..
 Iskenderun's Mystic Bla  Conj/Tloc      #.......     100%        4    #####..
 Leda's Liquefaction      Hex/Erth       #.........   100%        4    #####..
 Olgreb's Toxic Radiance  Pois           #.......     100%        4    #####..
 Petrify                  Tmut/Erth      #.......     100%        4    #####..
 Sticky Flame             Conj/Fire      #.......     100%        4    #####..
 Summon Ice Beast         Ice/Summ       #.......     100%        4    #####..
 Summon Lightning Spire   Summ/Air       #.......     100%        4    #####..
 Agony                    Necr           #.......     100%        5    ######.
 Alistair's Intoxication  Tmut/Pois      #.......     100%        5    ######.
 Bolt of Magma            Conj/Fire/Erth #.........   100%        5    ######.
 Borgnjor's Vile Clutch   Necr/Erth      #.........   100%        5    ######.
 Irradiate                Conj/Tmut      #.........   100%        5    ######.
 Iskenderun's Battlesphe  Conj/Chrm      #.......     100%        5    ######.
 Lee's Rapid Deconstruct  Erth           #.........   100%        5    ######.
 Lightning Bolt           Conj/Air       #.........   100%        5    ######.
 Metabolic Englaciation   Hex/Ice        #.........   100%        5    ######.
 Silence                  Hex/Air        #.........   100%        5    ######.
 Summon Mana Viper        Hex/Summ       #.......     100%        5    ######.
 Yara's Violent Unravell  Hex/Tmut       #.........   100%        5    ######.
 Conjure Ball Lightning   Conj/Air       #.........   100%        6    #######
 Darkness                 Hex            #.........   100%        6    #######
 Death Channel            Necr           #.........   100%        6    #######
 Freezing Cloud           Conj/Ice/Air   #.........   100%        6    #######
 Invisibility             Hex            #.......     100%        6    #######
 Iron Shot                Conj/Erth      #.........   100%        6    #######
 Shadow Creatures         Summ           N/A          100%        6    #######
 Simulacrum               Ice/Necr       #.........   100%        6    #######
 Malign Gateway           Summ/Tloc      #.........   100%        7    #######
 Monstrous Menagerie      Summ           #.........   100%        7    #######
 Orb of Destruction       Conj           #.........   100%        7    #######
 Ring of Flames           Chrm/Fire      #.........   100%        7    #######
 Spellforged Servitor     Conj/Summ      #.........   100%        7    #######
 Summon Greater Demon     Summ           #.........   100%        7    #######
 Summon Hydra             Summ           #.........   100%        7    #######
 Chain Lightning          Conj/Air       #.........   100%        8    #######
 Discord                  Hex            #.........   100%        8    #######
 Ignition                 Fire           #.........   100%        8    #######
 Lehudib's Crystal Spear  Conj/Erth      #.........   100%        8    #######
 Summon Horrible Things   Summ           #.........   100%        8    #######
 Fire Storm               Conj/Fire      #.........   100%        9    #######
 Glaciate                 Conj/Ice       #.........   100%        9    #######
 Beastly Appendage        Tmut           Unusable     N/A         1    N/A
 Sublimation of Blood     Necr           Unusable     N/A         2    N/A
 Spider Form              Tmut/Pois      Unusable     N/A         3    N/A
 Ice Form                 Ice/Tmut       Unusable     N/A         4    N/A
 Blade Hands              Tmut           Unusable     N/A         5    N/A
 Hydra Form               Tmut           Unusable     N/A         6    N/A
 Statue Form              Tmut/Erth      Unusable     N/A         6    N/A
 Dragon Form              Tmut           Unusable     N/A         7    N/A

Dungeon Overview and Level Annotations

Branches:
Dungeon (15/15)            Temple (1/1) D:6            Lair (6/6) D:10
  Swamp (4/4) Lair:4        Snake (4/4) Lair:4        Slime (0/5) Lair:5
    Orc (2/2) D:10            Elf (3/3) Orc:2        Vaults (5/5) D:13
  Crypt (0/3) Vaults:3     Depths (5/5) D:15            Zot (0/5) Depths:5
Ossuary (visited)           IceCv (visited)         Volcano (visited)
Gauntlet (visited)

Altars:
Ashenzari
Cheibriados
Dithmenos
Elyvilon
Fedhas
Gozag
Hepliaklqana
Kikubaaqudgha
Makhleb
Nemelex Xobeh
Okawaru
Qazlal
Ru
Sif Muna
Trog
Uskayaw
Vehumet
Wu Jian
Xom
Yredelemnul
Zin
Beogh
Lugonu

Shops:
D:10 %   D:14 [   Orc:2 }%*!   Elf:1 *:   Elf:2 *   Snake:1 (   Snake:2 [
Depths:4 *}=}

Portals:
Hell: Depths:1 Depths:2 Depths:3 Depths:4 Depths:5
Abyss: Depths:1 Depths:2 Depths:3 Depths:4 Depths:5
Pandemonium: Depths:1 Depths:3
Ziggurat: Depths:3

Annotations:
Lair:2 2 transporters
Lair:4 exclusion: oklob plant
Lair:6 2 transporters, wub's ghost, journeyman MiFi
Orc:1 1 runed translucent door, stillor's ghost, journeyman FoFi
Vaults:5 Jory
Depths:1 3 runed translucent doors, Zaobb's ghost, master KoEn


Innate Abilities, Weirdness & Mutations

Your body is rotting away.
You thrive on raw meat.
You are immune to poison.
You have sharp fingernails.
You are carnivorous and can eat meat at any time.
Your flesh is cold resistant. (rC+)
You are immune to negative energy. (rN+++)
You do not regenerate when monsters are visible.
You are immune to unholy pain and torment.
You can survive without breathing.


Message History

You squash Jory like an ant!!!
Jory is heavily damaged.
The frost giant is engulfed in poison gas.
The frost giant looks even sicker.
Jory points at you and mumbles some strange words.
The crystal spear hits you!!!
* * * LOW HITPOINT WARNING * * *
You block the wraith's attack.
You pummel Jory!!
Jory is heavily damaged.
The vault warden is engulfed in poison gas.
The vault warden looks even sicker.
The frost giant is engulfed in poison gas.
The frost giant looks as sick as possible!
You pummel Jory!!
Jory is severely damaged.
The frost giant changes into a stone giant!
Jory points at you and mumbles some strange words.
The crystal spear hits you!!!
You die...

#.. #pLpC...# . #..
#D)#§..... #...
#W.#......
#....#YW###..#.
#....#V§W. ....
..........)....
......p##############
.......pp§LCV........
........LpWDW@....W..
#####################


You could see Jory, a shadow dragon, a stone giant shaped shifter, a vault
warden, 2 liches, 3 vault guards, 2 phantoms and a wraith.

Vanquished Creatures
  A juggernaut (Depths:4)
  Sojobo (Depths:3)
  Bai Suzhen (Elf:3)
  Margery (Depths:3)
  2 bone dragons
  Nikola (Depths:1)
  4 golden dragons
  2 tentacled monstrosities
  5 liches
  Jorgrun (Orc:2)
  An Ice Fiend (IceCv)
  4 deep elf master archers (Elf:3)
  A titan (Depths:2)
  Asterion (Elf:3)
  3 deep elf blademasters (Elf:3)
  An Executioner (Abyss:2)
  Frances (Swamp:1)
  A sphinx (Vaults:1)
  A tentacled starspawn (Abyss:2)
  A storm dragon (Depths:5)
  4 tengu reavers
  A thorn hunter (Swamp:4)
  2 shadow dragons
  18 nagarajas
  6 frost giants
  12 fire giants
  Louise (Depths:1)
  7 deep elf sorcerers
  A cacodemon (Gauntlet)
  A frost giant (shapeshifter) (Orc:2)
  An angel (Abyss:2)
  4 iron dragons
  9 vault wardens
  2 draconian stormcallers (Depths:5)
  5 deep elf elementalists (Elf:3)
  3 orc warlords
  A ghoul (Vaults:3)
  15 ironheart preservers
  15 very ugly things
  2 vampire knights
  23 stone giants
  3 entropy weavers
  A juggernaut skeleton (Depths:1)
  A lorocyproca (Abyss:3)
  6 deep elf demonologists
  2 minotaurs
  3 red draconians
  16 deep elf annihilators
  2 white draconians
  4 spark wasps
  2 yellow draconians
  6 deep elf death magi
  A merfolk javelineer (Depths:3)
  A crystal guardian (D:15)
  8 ettins
  A merfolk impaler (Depths:3)
  3 deep elf high priests (Elf:3)
  4 fire dragons
  14 ice dragons
  13 yaktaur captains
  9 great orbs of eyes
  24 hydras
  11 rakshasas
  Fannar (D:10)
  3 spriggan air magi
  2 ghost crabs (Swamp:3)
  11 vault guards
  A shambling mangrove (Swamp:1)
  A death knight (Vaults:4)
  4 catoblepae
  17 naga warriors
  17 centaur warriors
  7 alligators
  26 dancing weapons
  7 deep troll shamans
  9 anacondas
  5 tengu warriors
  15 ogre magi
  7 death yaks (Lair:6)
  2 vampire magi
  11 deep troll earth magi
  7 orc high priests
  33 two-headed ogres
  15 naga sharpshooters
  2 thrashing horrors (Abyss:2)
  7 spriggan berserkers
  7 shock serpents
  29 deep elf knights
  4 starcursed masses (Abyss:2)
  A fire crab (Gauntlet)
  5 skeletal warriors
  A sixfirhy (Abyss:2)
  12 hell knights
  4 iron trolls
  2 shadow wraiths
  12 swamp dragons
  2 salamander mystics (Snake:2)
  3 sea snakes
  3 flayed ghosts
  A deep troll (shapeshifter) (Depths:4)
  7 unseen horrors
  29 deep trolls
  An unseen horror (shapeshifter) (Vaults:2)
  2 glowing orange brains
  A spriggan druid (Elf:1)
  3 wizards
  5 naga ritualists
  A shadow dragon zombie (Vaults:5)
  8 necromancers
  A golden dragon skeleton (Depths:1)
  10 harpies
  7 deep elf archers
  A harpy (shapeshifter) (Vaults:4)
  A tengu zombie (Depths:1)
  4 phantasmal warriors
  11 ironbrand convokers
  50 ugly things
  A fire giant zombie (Depths:1)
  8 wolf spiders
  15 orc knights
  65 deep elf magi
  2 orc sorcerers
  4 cyclopes
  A shining eye (shapeshifter) (Vaults:3)
  15 mana vipers
  7 manticores
  A frost giant zombie (Depths:1)
  3 large abominations (Depths:3)
  9 salamanders
  A salamander (shapeshifter) (Vaults:1)
  A moth of wrath (shapeshifter) (Depths:1)
  15 guardian serpents
  39 black mambas
  A water nymph (shapeshifter) (Vaults:1)
  19 naga magi
  A stone giant skeleton (Depths:1)
  Joseph (D:8)
  14 vault sentinels
  2 spiny frogs (shapeshifter)
  An orange demon (Abyss:2)
  2 gargoyles
  5 spectral swamp worms (Depths:2)
  2 kobold demonologists (D:15)
  3 ice statues (IceCv)
  A human zombie (Vaults:5)
  16 spiny frogs
  3 rime drakes
  4 komodo dragons
  2 yaktaurs (shapeshifter) (D:15)
  A komodo dragon (shapeshifter) (Vaults:1)
  A hellion (Abyss:2)
  A yaktaur zombie (Vaults:5)
  49 yaktaurs
  4 anaconda simulacra (IceCv)
  10 freezing wraiths
  A golden dragon simulacrum (IceCv)
  14 ice devils (IceCv)
  A tengu conjurer (Depths:2)
  2 polar bears
  5 tyrant leeches
  A meliai (D:15)
  7 trolls
  A troll (shapeshifter) (D:14)
  A wind drake (shapeshifter) (D:15)
  9 hornets
  A queen bee (shapeshifter) (D:14)
  35 blink frogs
  9 bog bodies
  20 slime creatures
  11 hippogriffs
  A fire giant simulacrum (Depths:1)
  A meliai zombie (D:13)
  6 spriggans
  An ettin zombie (Depths:1)
  A hippogriff (shapeshifter) (Elf:2)
  A centaur simulacrum (D:15)
  A spriggan (shapeshifter) (Orc:2)
  45 yaks
  Sigmund (D:3)
  3 shadows (D:15)
  8 redbacks
  5 basilisks
  A deep troll skeleton (Depths:1)
  A dire elephant simulacrum (IceCv)
  3 wraiths
  A ynoxinul (Abyss:2)
  A fire dragon skeleton (Depths:1)
  A basilisk (shapeshifter) (Depths:1)
  4 vampires
  2 wyverns
  A yak (shapeshifter) (Depths:3)
  A human (D:10)
  8 water elementals
  3 fire bats (Gauntlet)
  4 hogs (D:10)
  2 chaos spawn (Depths:3)
  3 hungry ghosts
  A fire elemental (Elf:1)
  29 vampire mosquitoes
  A warg (Vaults:2)
  A yaktaur simulacrum (Depths:1)
  15 swamp worms
  2 swamp worms (shapeshifter)
  3 harpy simulacra (IceCv)
  5 insubstantial wisps (Swamp:2)
  43 nagas
  A steam dragon (D:9)
  2 soldier ants
  2 hell hounds (Gauntlet)
  7 acid dragons
  A hydra simulacrum (IceCv)
  7 water moccasins
  5 porcupines
  6 swamp drakes
  A floating eye (shapeshifter) (D:15)
  5 ice beasts
  43 orc warriors
  3 sky beasts
  3 black bears
  3 eyes of draining
  A black bear (shapeshifter) (Depths:4)
  12 boggarts
  2 phantoms (D:10)
  45 ogres
  4 wolves
  13 centaurs
  10 crocodiles
  A big kobold (shapeshifter) (Vaults:2)
  2 big kobolds
  An elf simulacrum (Vaults:1)
  24 bullfrogs
  A wyvern zombie (D:13)
  2 earth elementals
  2 wyvern skeletons
  A troll zombie (D:10)
  3 scorpions
  10 killer bees
  20 wights
  5 howler monkeys
  6 electric eels
  18 crimson imps
  A bullfrog zombie (D:6)
  6 hounds
  5 centaur zombies
  9 jellies
  24 orc priests
  3 bullfrog skeletons
  8 centaur skeletons
  3 iguanas
  14 orc wizards
  10 worker ants
  10 small abominations
  A killer bee zombie (D:9)
  5 ogre zombies (D:10)
  2 big kobold zombies (Ossuary)
  A hound skeleton (D:10)
  3 mummies (Ossuary)
  A howler monkey skeleton (D:8)
  15 adders
  8 gnolls
  2 shadow imps
  A white imp (Depths:1)
  An ufetubus (Vaults:2)
  4 oozes
  3 adder skeletons
  4 worms
  2 dart slugs
  4 leopard geckos
  69 orcs
  11 bats
  6 giant cockroaches
  8 goblins
  6 hobgoblins
  13 jackals
  15 kobolds
  7 quokkas
  3 ball pythons
  5 frilled lizards
  2 goblin skeletons (D:10)
  5 goblin zombies
  5 hobgoblin zombies
  A kobold zombie (Ossuary)
  2 orc skeletons (D:10)
  12 orc zombies (D:10)
  5 rats
  8 plants
2003 creatures vanquished.

Vanquished Creatures (collateral kills)
  the Lernaean hydra (Swamp:4)
  A thrashing horror (Abyss:2)
2 creatures vanquished.

Vanquished Creatures (others)
  A nagaraja (Snake:4)
  A fire giant (Vaults:3)
  2 centaur warriors
  A rakshasa (D:14)
  A deep troll shaman (Depths:1)
  A deep elf knight (Elf:1)
  A naga sharpshooter (Snake:2)
  A deep elf archer (Elf:1)
  A guardian serpent (Snake:3)
  An ugly thing (Depths:1)
  A naga mage (Snake:4)
  A yak (Lair:6)
  A swamp drake (Swamp:1)
  A boggart (Depths:1)
  5 centaurs
  An orc (Orc:2)
  A bush (Lair:4)
  12 plants
34 creatures vanquished.

Grand Total: 2039 creatures vanquished

Notes
Turn   | Place    | Note
-------+----------+-------------------------------------------
     0 | D:1      | ReteAZ the Ghoul Fighter began the quest for the Orb.
     0 | D:1      | Reached XP level 1. HP: 19/19 MP: 0/0
    64 | D:1      | Reached XP level 2. HP: 9/26 MP: 1/1
   303 | D:1      | Reached XP level 3. HP: 31/31 MP: 2/2
   407 | D:2      | Reached skill level 3 in Unarmed Combat
   749 | D:2      | Found a faded altar of an unknown god.
   845 | D:2      | Reached XP level 4. HP: 40/40 MP: 3/3
  1255 | D:3      | Noticed Sigmund
  1270 | D:3      | Killed Sigmund
  1270 | D:3      | Reached skill level 4 in Unarmed Combat
  1270 | D:3      | Reached XP level 5. HP: 46/47 MP: 4/4
  1270 | D:3      | Reached XP level 6. HP: 52/53 MP: 5/5
  2693 | D:4      | You fall into a shaft and drop 2 floors!
  2711 | D:6      | Reached skill level 5 in Unarmed Combat
  2764 | D:6      | Found a staircase to the Ecumenical Temple.
  2772 | Temple   | Entered the Ecumenical Temple
  2808 | Temple   | Became a worshipper of Makhleb the Destroyer
  2885 | D:6      | Reached XP level 7. HP: 46/60 MP: 6/6
  3029 | D:6      | Found a blossoming altar of Fedhas.
  3038 | D:6      | Reached skill level 5 in Fighting
  3051 | D:6      | Found a sand-covered staircase.
  3059 | Ossuary  | Entered an ossuary
  3059 | Ossuary  | Noticed a wraith
  3059 | Ossuary  | Noticed a wraith
  3059 | Ossuary  | Noticed a wraith
  3418 | Ossuary  | Noticed a wraith
  3435 | Ossuary  | Killed a wraith
  3435 | Ossuary  | Reached skill level 6 in Unarmed Combat
  3724 | D:5      | Entered Level 5 of the Dungeon
  3734 | D:5      | Found an ancient bone altar of Kikubaaqudgha.
  3736 | D:5      | Found a shimmering blue altar of Sif Muna.
  3790 | D:4      | Found a bloodstained altar of Trog.
  3801 | D:4      | Identified a scroll of acquirement
  3801 | D:4      | Identified the ring "Kaanam" {rElec rN+ Str+4 Int-5 Dex+3}
                  | (You acquired it on level 4 of the Dungeon)
  3821 | D:4      | Reached XP level 8. HP: 68/68 MP: 7/7
  4320 | D:5      | Found an iron altar of Okawaru.
  4320 | D:5      | Found a shadowy altar of Dithmenos.
  4321 | D:5      | Found an ornate altar of the Wu Jian Council.
  4322 | D:5      | Found a shimmering altar of Xom.
  4322 | D:5      | Found a basalt altar of Yredelemnul.
  4323 | D:5      | Found a shattered altar of Ashenzari.
  4359 | D:4      | Reached * piety under Makhleb
  4490 | D:5      | Reached skill level 7 in Unarmed Combat
  4862 | D:5      | Reached skill level 5 in Armour
  4862 | D:5      | Reached skill level 5 in Shields
  5357 | D:6      | Found an opulent altar of Gozag.
  5619 | D:7      | Reached skill level 8 in Unarmed Combat
  5619 | D:7      | Reached XP level 9. HP: 77/77 MP: 8/8
  6255 | D:8      | Reached ** piety under Makhleb
  6343 | D:8      | Reached skill level 9 in Unarmed Combat
  6582 | D:8      | Noticed Joseph
  6598 | D:8      | Killed Joseph
  6626 | D:8      | Reached XP level 10. HP: 86/86 MP: 9/9
  6941 | D:9      | Reached skill level 10 in Unarmed Combat
  6984 | D:9      | Noticed a purple ugly thing
  7007 | D:9      | Killed a purple ugly thing
  7632 | D:10     | Entered Level 10 of the Dungeon
  7744 | D:10     | Reached *** piety under Makhleb
  7787 | D:10     | Found a staircase to the Orcish Mines.
  7863 | D:10     | Found a staircase to the Lair.
  7957 | D:10     | Reached skill level 11 in Unarmed Combat
  8011 | D:10     | Found Osycaxex's Food Boutique.
  8104 | D:10     | Noticed Fannar
  8133 | D:10     | Killed Fannar
  8133 | D:10     | Reached XP level 11. HP: 87/95 MP: 10/10
  8156 | D:10     | Found a blossoming altar of Fedhas.
  8162 | D:10     | Reached **** piety under Makhleb
  8480 | D:10     | Killed an unseen horror
  8709 | D:10     | Noticed a two-headed ogre
  8716 | D:10     | Killed a two-headed ogre
  8716 | D:10     | Reached skill level 12 in Unarmed Combat
  8774 | D:11     | Noticed a purple ugly thing
  8777 | D:11     | Noticed a manticore
  8786 | D:11     | Killed a purple ugly thing
  8794 | D:11     | Killed a manticore
  9610 | D:11     | Got a translucent helmet
  9621 | D:11     | Identified the cursed +0 helmet of the Game Afoot {*Contam
                  | Int+8} (You found it on level 11 of the Dungeon)
  9886 | Lair:1   | Entered Level 1 of the Lair of Beasts
  9947 | Lair:1   | Reached ***** piety under Makhleb
 10689 | Lair:2   | Reached skill level 13 in Unarmed Combat
 10707 | Lair:2   | Reached skill level 10 in Fighting
 10707 | Lair:2   | Reached XP level 12. HP: 99/105 MP: 11/11
 10778 | Lair:2   | Noticed a six-headed hydra
 10792 | Lair:2   | Killed a six-headed hydra
 10865 | Lair:2   | Found a dark tunnel.
 10873 | Volcano  | Entered a volcano
 10889 | Volcano  | Noticed a centaur warrior
 10892 | Volcano  | Killed a centaur warrior
 10909 | Volcano  | Found a burning altar of Makhleb.
 10930 | Volcano  | Noticed a red draconian
 10949 | Volcano  | Killed a red draconian
 10961 | Volcano  | Reached skill level 14 in Unarmed Combat
 11328 | Lair:2   | Identified the ring of Vit Faho {rF+ MR- Int+6 Slay+3} (You
                  | acquired it on level 2 of the Lair of Beasts)
 11328 | Lair:2   | Identified the +0 hat of the Gusle {rN++ MP-9 Slay+3} (You
                  | acquired it on level 2 of the Lair of Beasts)
 11419 | Lair:2   | Found a transporter.
 11503 | Lair:2   | You fall into a shaft and drop 2 floors!
 11522 | Lair:4   | Reached skill level 1 in Evocations
 11716 | Lair:4   | Noticed a six-headed hydra
 11723 | Lair:4   | Killed a six-headed hydra
 11732 | Lair:4   | Found a staircase to the Swamp.
 11970 | Lair:4   | Found a staircase to the Snake Pit.
 11986 | Lair:4   | Reached skill level 15 in Unarmed Combat
 12135 | Lair:4   | Reached XP level 13. HP: 110/113 MP: 15/15
 12366 | Lair:3   | Reached skill level 5 in Evocations
 12823 | Lair:2   | Found a transporter.
 13010 | Lair:2   | Reached skill level 10 in Armour
 13701 | Lair:5   | Found a staircase to the Slime Pits.
 13915 | Lair:5   | Found a shimmering blue altar of Sif Muna.
 14172 | Lair:5   | Reached skill level 16 in Unarmed Combat
 14551 | Lair:6   | Entered Level 6 of the Lair of Beasts
 14709 | Lair:6   | Reached ****** piety under Makhleb
 14834 | Lair:6   | Found a transporter.
 14837 | Lair:6   | Noticed wub's ghost (journeyman MiFi)
 14860 | Lair:6   | Found a transporter.
 15411 | Lair:6   | Reached skill level 17 in Unarmed Combat
 15470 | Lair:6   | Reached XP level 14. HP: 87/121 MP: 18/20
 15635 | Lair:6   | Reached skill level 10 in Evocations
 16302 | D:12     | Reached skill level 18 in Unarmed Combat
 16413 | D:12     | Got a translucent ring mail
 16424 | D:12     | Identified the +1 ring mail of Wuhuc {Str+2} (You found it
                  | on level 12 of the Dungeon)
 17077 | D:13     | Found a gate to the Vaults.
 17343 | D:14     | Found Sogral's Antique Armour Boutique.
 17351 | D:14     | Bought a runed tower shield for 157 gold pieces
 17351 | D:14     | Bought a runed cloak for 157 gold pieces
 17400 | D:14     | Found a gate leading to a gauntlet.
 17439 | Gauntlet | Entered a Gauntlet
 17439 | Gauntlet | Found a transporter.
 17439 | Gauntlet | Found a transporter.
 17439 | Gauntlet | Noticed a cacodemon
 17448 | Gauntlet | Found a transporter.
 17458 | Gauntlet | Found a transporter.
 17473 | Gauntlet | Found a transporter.
 17475 | Gauntlet | Found a large runed translucent door.
 17476 | Gauntlet | Found a large runed translucent door.
 17477 | Gauntlet | Found a large runed translucent door.
 17477 | Gauntlet | Found a large runed translucent door.
 17477 | Gauntlet | Found a runed translucent door.
 17477 | Gauntlet | Found a runed translucent door.
 17478 | Gauntlet | Found a large runed translucent door.
 17479 | Gauntlet | Found a large runed translucent door.
 17480 | Gauntlet | Found a large runed translucent door.
 17480 | Gauntlet | Found a large runed translucent door.
 17481 | Gauntlet | Found a runed translucent gate.
 17481 | Gauntlet | Found a runed translucent gate.
 17481 | Gauntlet | Found a runed translucent gate.
 17483 | Gauntlet | Found a transporter.
 17492 | Gauntlet | Found a large runed translucent door.
 17492 | Gauntlet | Found a large runed translucent door.
 17493 | Gauntlet | Found a large runed translucent door.
 17494 | Gauntlet | Found a large runed translucent door.
 17498 | Gauntlet | Found a transporter.
 17504 | Gauntlet | Found a transporter.
 17518 | Gauntlet | Found a transporter.
 17524 | Gauntlet | Found a transporter.
 17527 | Gauntlet | Found a transporter.
 17528 | Gauntlet | Found a transporter.
 17538 | Gauntlet | Found a large runed translucent door.
 17539 | Gauntlet | Found a large runed translucent door.
 17540 | Gauntlet | Found a large runed translucent door.
 17540 | Gauntlet | Found a large runed translucent door.
 17920 | Gauntlet | Killed a cacodemon
 17935 | Gauntlet | Got a pitted dagger
 18050 | Gauntlet | Reached XP level 15. HP: 79/124 MP: 21/21
 18071 | Gauntlet | Got a pair of ancient gloves
 18082 | Gauntlet | Identified the cursed +0 pair of gloves "Fethalext" {-Tele
                  | rC+ MR+ Int+2} (You found it in a Gauntlet)
 18161 | Gauntlet | Found the +18 shield of the Gong {rElec rN+ MR+ EV-5}
 18181 | Gauntlet | Identified Zadwif's Disquisition on Destructive Hexes
 18204 | Gauntlet | Got an encrusted ring mail
 18215 | Gauntlet | Identified the cursed +0 ring mail of the Storm King {rC+
                  | Regen+} (You found it in a Gauntlet)
 18552 | D:14     | Reached skill level 1 in Dodging
 19202 | D:15     | Entered Level 15 of the Dungeon
 19233 | D:15     | Reached skill level 10 in Shields
 19370 | D:15     | Found a blossoming altar of Fedhas.
 19371 | D:15     | Found an iron altar of Okawaru.
 19371 | D:15     | Found a hide-covered altar of Uskayaw.
 19487 | D:15     | Found a staircase to the Depths.
 19915 | D:15     | Noticed a tengu reaver
 19954 | D:15     | Reached skill level 5 in Dodging
 19967 | D:15     | Killed a tengu reaver
 20013 | D:15     | Noticed a fire giant
 20026 | D:15     | Killed a fire giant
 20026 | D:15     | Reached XP level 16. HP: 53/143 MP: 22/22
 20066 | D:15     | Identified the Handbook of the Mutagenic Snowflakes
 20693 | Orc:1    | Entered Level 1 of the Orcish Mines
 20817 | Orc:1    | Found a roughly hewn altar of Beogh.
 20981 | Orc:1    | Found a runed translucent door.
 21187 | Orc:1    | Noticed stillor's ghost (journeyman FoFi)
 21244 | Orc:2    | Entered Level 2 of the Orcish Mines
 21388 | Orc:2    | Noticed Jorgrun
 21397 | Orc:2    | Killed Jorgrun
 21489 | Orc:2    | Found a staircase to the Elven Halls.
 22719 | Orc:2    | Found Meaf's Gadget Emporium.
 22726 | Orc:2    | Found Tenkud's Food Emporium.
 22727 | Orc:2    | Found Faisam's General Store.
 22727 | Orc:2    | Found Nisa's Distillery.
 22736 | Orc:2    | Bought a potion of heal wounds for 60 gold pieces
 22738 | Orc:2    | Bought a potion of curing for 36 gold pieces
 22738 | Orc:2    | Bought a potion of curing for 36 gold pieces
 22738 | Orc:2    | Bought a potion of haste for 120 gold pieces
 22738 | Orc:2    | Bought a potion of heal wounds for 60 gold pieces
 22738 | Orc:2    | Bought a potion of heal wounds for 60 gold pieces
 22738 | Orc:2    | Bought a potion of might for 48 gold pieces
 23023 | Swamp:1  | Entered Level 1 of the Swamp
 23874 | Swamp:1  | Noticed Frances
 23891 | Swamp:1  | Killed Frances
 24529 | Swamp:2  | Reached skill level 1 in Invocations
 24922 | Swamp:2  | Reached XP level 17. HP: 137/154 MP: 22/24
 25521 | Swamp:3  | Found a frozen archway.
 25603 | IceCv    | Entered an ice cave
 26127 | IceCv    | Noticed an Ice Fiend
 26143 | IceCv    | Killed an Ice Fiend
 26930 | Swamp:4  | Entered Level 4 of the Swamp
 27286 | Swamp:4  | Reached skill level 5 in Invocations
 27311 | Swamp:4  | Reached skill level 15 in Fighting
 27677 | Snake:1  | Entered Level 1 of the Snake Pit
 28020 | Snake:1  | Found Ynnex's Weapon Boutique.
 28293 | Snake:1  | Found the +2 ratskin cloak {+Rats rPois rN+ Str-1 Int-1
                  | Dex+1}
 28550 | Snake:2  | Reached skill level 19 in Unarmed Combat
 28829 | Snake:2  | Reached XP level 18. HP: 128/163 MP: 26/26
 29263 | Snake:2  | Found Gadwot's Antique Armour Emporium.
 30190 | Snake:4  | Entered Level 4 of the Snake Pit
 30335 | Snake:3  | Reached skill level 20 in Unarmed Combat
 30423 | Snake:3  | Identified the ring "Isatumi" {rF+ rC+ Dex+3 Stlth+} (You
                  | acquired it on level 3 of the Snake Pit)
 30424 | Snake:3  | Identified the -2 hat of Surprise {+Inv rCorr Str+2} (You
                  | acquired it on level 3 of the Snake Pit)
 31339 | Snake:4  | Reached XP level 19. HP: 150/170 MP: 28/28
 31984 | Snake:4  | Got a serpentine rune of Zot
 32773 | Swamp:4  | Reached skill level 21 in Unarmed Combat
 32786 | Swamp:4  | Noticed the 27-headed Lernaean hydra
 32804 | Swamp:4  | Killed the 27-headed Lernaean hydra
 32983 | Swamp:4  | Got a decaying rune of Zot
 33443 | Elf:1    | Entered Level 1 of the Elven Halls
 33860 | Elf:1    | Found Wifi's Assorted Antiques.
 33912 | Elf:1    | Bought a steaming amber ring for 120 gold pieces
 33912 | Elf:1    | Bought a brightly glowing scale mail for 216 gold pieces
 33912 | Elf:1    | Identified the ring of Harmony {*Tele rN++ Dex-4} (You
                  | bought it in a shop on level 1 of the Elven Halls)
 33914 | Elf:1    | Identified the +10 scale mail of the Everdark {rElec rN++
                  | MR- Str+8} (You bought it in a shop on level 1 of the Elven
                  | Halls)
 34000 | Elf:1    | Found Kuomidwu's Book Emporium.
 34117 | Elf:1    | Noticed a Hell Sentinel
 34209 | Elf:1    | Reached XP level 20. HP: 178/178 MP: 29/29
 34328 | Elf:1    | Identified the Reference Book on Creative Attacks
 34714 | Elf:2    | Reached skill level 22 in Unarmed Combat
 34813 | Elf:2    | Found Icwiz's General Store.
 34823 | Elf:2    | Bought a potion of resistance for 130 gold pieces
 34823 | Elf:2    | Bought a potion of curing for 39 gold pieces
 34823 | Elf:2    | Bought a scroll of teleportation for 39 gold pieces
 34823 | Elf:2    | Bought a wand of acid (15) for 494 gold pieces
 34823 | Elf:2    | Bought a potion of curing for 39 gold pieces
 34823 | Elf:2    | Bought a scroll of fog for 26 gold pieces
 34823 | Elf:2    | Bought a scroll of teleportation for 39 gold pieces
 34840 | Elf:2    | Cast into level 2 of the Abyss (+1 war axe of distortion)
 34886 | Abyss:2  | Noticed a bone dragon
 34906 | Abyss:2  | Killed a bone dragon
 35096 | Elf:2    | Escaped the Abyss
 35186 | Elf:2    | Found a runed translucent gate.
 35198 | Elf:2    | Found a runed translucent gate.
 35198 | Elf:2    | Found a runed translucent gate.
 36005 | Elf:3    | Entered Level 3 of the Elven Halls
 36331 | Depths:1 | Entered Level 1 of the Depths
 36491 | Depths:1 | Noticed Louise
 36539 | Depths:1 | Killed Louise
 36615 | Depths:1 | Noticed Nikola
 36653 | Depths:1 | HP: 4/178 [acid (6)]
 36689 | Depths:1 | Reached skill level 23 in Unarmed Combat
 36907 | Depths:1 | Killed Nikola
 36938 | Depths:1 | Reached XP level 21. HP: 184/184 MP: 30/30
 37117 | Depths:1 | Found a runed translucent gate.
 37117 | Depths:1 | Found a runed translucent gate.
 37118 | Depths:1 | Found a runed translucent gate.
 37119 | Depths:1 | Noticed Zaobb's ghost (master KoEn)
 37138 | Depths:1 | Found a gateway to Hell.
 37180 | Depths:1 | Found a huge runed gate.
 37180 | Depths:1 | Found a huge runed gate.
 37180 | Depths:1 | Found a huge runed gate.
 37209 | Depths:1 | Found a huge runed gate.
 37230 | Depths:1 | Found a huge runed gate.
 37231 | Depths:1 | Found a huge runed gate.
 37232 | Depths:1 | Found a huge runed gate.
 37233 | Depths:1 | Found a huge runed gate.
 37234 | Depths:1 | Found a huge runed gate.
 37235 | Depths:1 | Found a huge runed gate.
 37236 | Depths:1 | Found a huge runed gate.
 37245 | Depths:1 | Found a huge runed gate.
 37245 | Depths:1 | Found a huge runed gate.
 37245 | Depths:1 | Found a huge runed gate.
 37245 | Depths:1 | Found a huge runed gate.
 37245 | Depths:1 | Found a huge runed gate.
 37246 | Depths:1 | Found a huge runed gate.
 37247 | Depths:1 | Found a huge runed gate.
 37248 | Depths:1 | Found a huge runed gate.
 37249 | Depths:1 | Found a huge runed gate.
 37260 | Depths:1 | Found a huge runed gate.
 37260 | Depths:1 | Found a huge runed gate.
 37260 | Depths:1 | Found a huge runed gate.
 37260 | Depths:1 | Found a huge runed gate.
 37260 | Depths:1 | Found a huge runed gate.
 37260 | Depths:1 | Found a huge runed gate.
 37265 | Depths:1 | Found a huge runed gate.
 37266 | Depths:1 | Found a huge runed gate.
 37271 | Depths:1 | Found a huge runed gate.
 37284 | Depths:1 | Found a huge runed gate.
 37348 | Depths:1 | Found a one-way gate leading to the halls of Pandemonium.
 37374 | Depths:1 | Found a huge runed gate.
 37374 | Depths:1 | Found a huge runed gate.
 37374 | Depths:1 | Found a huge runed gate.
 37374 | Depths:1 | Found a huge runed gate.
 37374 | Depths:1 | Found a huge runed gate.
 37374 | Depths:1 | Found a huge runed gate.
 37453 | Depths:1 | Found a one-way gate to the infinite horrors of the Abyss.
 37670 | Depths:2 | Reached skill level 15 in Armour
 38753 | Depths:2 | Found a corrupted altar of Lugonu.
 39345 | Depths:2 | Identified the ring of Henotheism {rElec AC+3}
 39404 | Depths:2 | Identified the amulet of Asucyl {Fragile rElec rF+ Regen+
                  | SInv} (You acquired it on level 2 of the Depths)
 39950 | Depths:3 | Noticed Margery
 39968 | Depths:3 | Killed Margery
 39975 | Depths:3 | Reached XP level 22. HP: 158/200 MP: 31/31
 40148 | Depths:3 | Noticed Sojobo
 40238 | Depths:3 | Killed Sojobo
 40685 | Depths:3 | Got an ichor-stained ring mail
 40697 | Depths:3 | Identified the +1 ring mail of the Forgotten Shrikes
                  | {rElec} (You found it on level 3 of the Depths)
 40870 | Depths:3 | Found a gateway to a ziggurat.
 41011 | Depths:4 | Noticed a golden dragon
 41032 | Depths:4 | Killed a golden dragon
 41032 | Depths:4 | Reached skill level 15 in Shields
 41759 | Depths:4 | Noticed a golden dragon
 41982 | Depths:4 | Found Xybuu's Gadget Shoppe.
 42261 | Depths:4 | Found Vit Ner's Jewellery Boutique.
 42262 | Depths:4 | Found Nochuaff's Gadget Shoppe.
 42267 | Depths:4 | Bought a wand of digging (5) for 342 gold pieces
 42267 | Depths:4 | Bought a wand of digging (5) for 342 gold pieces
 42303 | Depths:4 | Found Totuecod's Pet Rocks.
 42311 | Depths:4 | Bought a wand of digging (5) for 270 gold pieces
 42311 | Depths:4 | Bought a wand of digging (5) for 270 gold pieces
 42617 | Depths:5 | Entered Level 5 of the Depths
 42749 | Depths:5 | Noticed a juggernaut
 42773 | Depths:4 | Killed a juggernaut
 42773 | Depths:4 | Reached XP level 23. HP: 213/213 MP: 32/32
 42786 | Depths:5 | Noticed a golden dragon
 42810 | Depths:4 | Killed a golden dragon
 43384 | Depths:5 | Noticed a golden dragon
 43403 | Depths:5 | Killed a golden dragon
 43991 | Depths:5 | Found a gate to the Realm of Zot.
 44334 | Vaults:1 | Entered Level 1 of the Vaults
 44926 | Vaults:1 | Cast into level 2 of the Abyss (a deep elf sorcerer)
 44970 | Vaults:1 | Escaped the Abyss
 45834 | Vaults:2 | Reached XP level 24. HP: 226/226 MP: 32/32
 47188 | Vaults:3 | Identified the +0 pair of boots of Nenom {Str+4} (You
                  | acquired it on level 3 of the Vaults)
 47841 | Vaults:3 | Found an opulent altar of Gozag.
 47980 | Vaults:3 | Reached skill level 24 in Unarmed Combat
 48226 | Vaults:3 | Found a staircase to the Crypt.
 48320 | Vaults:3 | Cast into level 3 of the Abyss (a deep elf sorcerer)
 48338 | Abyss:3  | Paralysed by accursed screaming for 1 turns
 48342 | Vaults:3 | Escaped the Abyss
 48456 | Vaults:3 | Identified Kaeruuruel's Almanac of Transmutation and Stolen
                  | Souls
 48683 | Vaults:4 | Reached XP level 25. HP: 235/235 MP: 32/32
 50776 | Elf:3    | Noticed Bai Suzhen
 50780 | Elf:3    | Noticed Asterion
 50788 | Elf:3    | Killed Bai Suzhen
 50797 | Elf:3    | Killed Asterion
 51224 | Elf:3    | Identified the +11 dagger of Tumult {protect, Fragile +Fly
                  | rF- SInv}
 51265 | Elf:3    | Identified the cursed +0 flail "Jaevif" {venom, Fragile
                  | rElec rPois Int+2}
 51533 | Elf:3    | Identified the +4 dagger of Levet {freeze, Str-5 Dex+7}
 51561 | Elf:3    | Identified the +1 ring mail of a bazaar {*Slow rElec Dex+8
                  | SInv}
 51598 | Elf:3    | Identified the Collected Works on Captivating Stones
 51634 | Elf:3    | Identified the Almanac of Attacks and the Compass
 51640 | Elf:3    | Identified the +0 cloak of Prudence {rPois rCorr} (You
                  | found it on level 3 of the Elven Halls)
 51647 | Elf:3    | Identified the Reference Book on Damaging Transmigration
 51651 | Elf:3    | Identified Rybb's Disquisition on the Helpful Blaze
 51713 | Elf:3    | Identified the Compendium of Ice and Darkness
 51716 | Elf:3    | Identified Sif Muna's Guide on Enchantment
 52091 | Vaults:5 | Entered Level 5 of the Vaults
 52177 | Vaults:5 | Noticed Jory
 52209 | Vaults:5 | Killed from afar by Jory

Levels and vault maps discovered:
D:1:      grunt_arrival_crossed_arrows, layout_rooms
D:2:      layout_loops_corners, first_ration,
          chequers_ecumenical_altar_simple_redux
D:3:      kb_forest_paths, layout_basic, nicolae_overflow_hidden_temple,
          minmay_misc_feat_ornament, minmay_fractal_squares_gapless_5,
          uniq_sigmund
D:4:      layout_basic, bloody_trog
D:5:      layout_rooms, grunt_temple_overflow_open
D:6:      layout_rooms, nicolae_gozag_cash_rules_everything_around_me,
          overflow_temple_1_default, minmay_temple_entry_arrows,
          nicolae_ossuary_entry_ruins
D:7:      layout_gridville
D:8:      layout_basic, uniq_joseph
D:9:      layout_roguey
D:10:     layout_loops_corners, lair_entry_dummy, zombieorc1_lemuel,
          serial_shops, kennysheep_mini_moat, basic_altar, grunt_livestock,
          minmay_misc_feat_tiny, uniq_fannar
D:11:     layout_basic, minmay_between
D:12:     minmay_inside_and_out, layout_long_grid, grunt_ministairs_1
D:13:     layout_rooms, hangedman_vaults_entry_quadrant_bands
D:14:     statuecave_lemuel, layout_cave_pods, serial_shops,
          nicolae_shop_temple_entry_statues_fountains, chequers_jeans,
          gauntlet_entry_generic
D:15:     hangedman_slaughterboxes, serial_shops
Temple:   eino_wide_crystal_templ
Lair:1:   layout_small_grid
Lair:2:   gammafunk_cloud_chamber, layout_cave_pods,
          lightli_volcano_entry_magma_tube, infiniplex_staircase_pool
Lair:3:   layout_big_grid, infiniplex_staircase_pool_2
Lair:4:   layout_roguey, skrybe_swamp_entry_bodies, dummy_snake_entry
Lair:5:   layout_regular_city, minmay_slime_entry_pillars, basic_altar,
          minivault_25, wad_woods_03
Lair:6:   evilmike_catoblepas_cave, layout_regular_city, gammafunk_ghost_arena
Swamp:1:  layout_basic_swamp, nicolae_swamp_little_tower, swamp_pool4,
          nicolae_swamp_feature_on_the_river_bank, uniq_frances
Swamp:2:  layout_basic_swamp, hangedman_swamp_pad
Swamp:3:  layout_falls_marsh, portal_ice_cave_entry_ugly_swarm,
          hangedman_swamp_ruin_wall
Swamp:4:  swamp_old_school, layout_basic_swamp
Snake:1:  layout_basic, serial_shops, nicolae_shop_waterfront,
          hangedman_snake_corridor_cut
Snake:2:  layout_rooms, serial_shops, nicolae_shop_behind_doors, drop_trap
Snake:3:  layout_onion_interference, serial_bayou_pond_c
Snake:4:  snake_hunt, layout_onion, serial_bayou_ford_a, st_stairs_9
Orc:1:    layout_diamond_mine, basic_altar, ebering_ghost_reflecting_pool
Orc:2:    st_orc_pillars, layout_caves, uniq_jorgrun
Elf:1:    layout_rooms, serial_shops, nicolae_shop_behind_doors,
          nicolae_shop_overgrown_old_shop, minmay_elf_sorcery, st_stairs_3,
          minmay_misc_feat_cross, kilobyte_rumbling_trees
Elf:2:    layout_geoelf_octagon, serial_shops, shop
Elf:3:    minmay_elf_hall_furrowed, layout_geoelf_castle, serial_sigils,
          serial_sigils_hangedman_scratch, serial_sigils_hangedman_stare,
          serial_sigils_hangedman_confine, serial_sigils_hangedman_quiver,
          uniq_asterion, uniq_bai_suzhen
Vaults:1: v_misc_4, nicolae_vaults_windows_and_doors_thing,
          nicolae_vaults_quadrants, ontoclasm_vaults_claustrophobia,
          grunt_vaults_funnel, vaults_mumra_hex, layout_vaults_ring
Vaults:2: nicolae_vaults_big_angled_halls, vaults_mumra_chevron,
          hangedman_vaults_capsules, nicolae_vaults_theta, st_star, v_misc_17,
          v_misc_3, v_misc_8, v_misc_12, serial_ice_b, v_alt_pattern_2,
          nicolae_vaults_network_s, v_alt_pattern_6,
          nicolae_vaults_shelves_hall, layout_vaults_omnicross
Vaults:3: v_pattern_4, v_misc_12, grunt_vaults_trifunnel,
          hangedman_vaults_river_flow, v_misc_27, vaults_room_hallway,
          nicolae_vaults_little_squares_1, minmay_crypt_entry_simple_box,
          nicolae_vaults_little_ls, hangedman_vaults_snaps,
          vaults_room_hangedman_quadrants, layout_vaults_big_room, basic_altar
Vaults:4: v_pattern_1, vaults_dpeg_ring, nicolae_vaults_puzzle_piece,
          nicolae_vaults_network_square, v_misc_19, v_misc_33,
          hangedman_vaults_corner, nicolae_vaults_what_the_h,
          layout_vaults_omnibox
Vaults:5: uniq_jory
Depths:1: layout_cave_pools, gammafunk_ghost_tricky_traps,
          nicolae_abyss_entry_one_way_or_another, grunt_pan_entry_zigzag,
          hangedman_abyss_or_decor_lesser_grid, hell_entry, not_door_vault_due,
          uniq_nikola
Depths:2: hangedman_six_sided_sadism, layout_twisted_cross,
          pf_hell_entry_tar_river, abyss_entry_flame_altar,
          grunt_decor_mini_mirrors, st_stairs_8, kennysheep_cross_bottleneck
Depths:3: nooodl_glass_maze, layout_gridlike, enter_ziggurat_d, hell_entry,
          minmay_room_of_horrors, rand_demon_pan_entry_5, serial_bayou_shore_a,
          drop_trap, uniq_margery, uniq_sojobo
Depths:4: minmay_tri_box, layout_gridville, hell_entry,
          hangedman_abyss_entry_splay, guppyfry_shop_earth,
          serial_bayou_shore_b, minmay_staircase_statues_hall_small,
          minmay_shop_grove
Depths:5: evilmike_zot_entry_hall, layout_gridlike, abyss_entry,
          pf_dread_powers_of_hell, grunt_decor_fettered

Skill      XL: |  1  2  3  4  5  6  7  8  9 10 11 12 13 14 15 16 17 18 19 20 21 22 23 24 25 |
---------------+----------------------------------------------------------------------------+-----
Unarmed Combat | 3 4 5 6 8 9 11 13 15 17 18 19 20 21 23 24 | 24.7
Armour         | 3 4 5 6 7 8 9 10 11 12 13 14 15 16 17 | 17.3
Shields        | 3 4 5 6 7 8 9 10 12 14 16 17 18 | 18.2
Fighting       | 4 5 6 7 8 10 11 13 14 15 17 19 20 21 22 | 22.2
Evocations     | 4 9 10 12 14 | 14.0
Dodging        | 5 8 |  8.0
Invocations    | 2 6 |  6.0

Action                   |  1- 3 |  4- 6 |  7- 9 | 10-12 | 13-15 | 16-18 | 19-21 | 22-24 | 25-27 || total
-------------------------+-------+-------+-------+-------+-------+-------+-------+-------+-------++-------
Melee: Unarmed           |   116 |   220 |   406 |   770 |  1345 |  2168 |  1779 |  2208 |   516 ||  9528
Throw: Dart              |       |     5 |    22 |     4 |       |     2 |     6 |     3 |     2 ||    44
       Boomerang         |       |       |       |     2 |       |       |       |       |       ||     2
       Javelin           |       |       |       |       |       |     1 |     3 |     5 |       ||     9
       Throwing net      |       |       |       |       |       |       |       |     1 |       ||     1
Invok: Lesser Servant of |       |       |       |       |       |     1 |     6 |       |       ||     7
Evoke: Wand              |       |       |       |    15 |    16 |    14 |    20 |     7 |    20 ||    92
  Use: Scroll            |       |     1 |    16 |    14 |     8 |    11 |     9 |     9 |     9 ||    77
       Potion            |       |       |     1 |     2 |    10 |     1 |     5 |     3 |     5 ||    27
 Stab: Petrifying        |       |       |       |       |     1 |       |       |       |       ||     1
       Petrified         |       |       |       |       |     1 |       |       |       |       ||     1
       Sleeping          |       |       |       |       |       |       |       |       |     5 ||     5
       Invisible         |       |       |       |       |       |       |       |       |     2 ||     2
  Eat: Chunk             |     6 |     9 |    19 |    46 |    52 |   122 |   117 |    77 |    32 ||   480
       Ration            |       |       |       |       |     1 |       |     1 |       |       ||     2
Armor: Scale mail        |    99 |    86 |    56 |       |       |       |       |       |       ||   241
       Chain mail        |       |       |   107 |   169 |       |       |       |       |       ||   276
       Plate armour      |       |       |       |   101 |   321 |   477 |   709 |   526 |   177 ||  2311
       Swamp dragon scal |       |       |       |       |   155 |    60 |       |       |       ||   215
Dodge: Dodged            |    62 |    59 |   104 |   128 |   178 |   284 |   254 |   421 |   118 ||  1608
       Deflected         |       |       |       |       |       |    24 |    31 |    36 |    11 ||   102
Block: Kite shield       |    77 |    24 |       |       |       |       |   271 |       |       ||   372
       Buckler           |       |    36 |   129 |   412 |   370 |       |       |       |       ||   947
       Reflection        |       |       |       |    15 |    40 |   144 |   121 |       |       ||   320
       Tower shield      |       |       |       |       |   547 |  2263 |  1585 |  1880 |   548 ||  6823

Table legend:
 A = Non-vault XP
 B = Vault XP
 C = Vault XP percentage of total XP
 D = Non-vault monster count
 E = Vault monster count
 F = Vault count percentage of total count
                 A         B        C        D         E       F
            +---------+---------+-------+---------+---------+-------
      Total |  572812 |  523549 |  47.8 |    1256 |     757 |  37.6
            +---------+---------+-------+---------+---------+-------
        D:1 |      36 |       0 |   0.0 |      17 |       0 |   0.0
        D:2 |      77 |       0 |   0.0 |      24 |       0 |   0.0
        D:3 |     109 |     271 |  71.3 |      32 |      11 |  25.6
        D:4 |     343 |       0 |   0.0 |      15 |       0 |   0.0
        D:5 |     597 |       0 |   0.0 |      10 |       0 |   0.0
        D:6 |     334 |       0 |   0.0 |      14 |       0 |   0.0
        D:7 |     963 |       0 |   0.0 |      17 |       0 |   0.0
        D:8 |    1291 |     430 |  25.0 |      22 |       1 |   4.3
        D:9 |    1499 |       0 |   0.0 |      21 |       0 |   0.0
       D:10 |    3374 |    2592 |  43.4 |      30 |      34 |  53.1
       D:11 |    3342 |     688 |  17.1 |      32 |       3 |   8.6
       D:12 |    6442 |    1038 |  13.9 |      27 |       6 |  18.2
       D:13 |    6654 |    7996 |  54.6 |      30 |      17 |  36.2
       D:14 |   11903 |       0 |   0.0 |      55 |       0 |   0.0
       D:15 |    6192 |   41912 |  87.1 |       9 |      78 |  89.7
     Lair:1 |    2220 |       0 |   0.0 |      12 |       0 |   0.0
     Lair:2 |    5756 |       0 |   0.0 |      24 |       0 |   0.0
     Lair:3 |    1815 |       0 |   0.0 |       9 |       0 |   0.0
     Lair:4 |    7074 |     541 |   7.1 |      29 |       2 |   6.5
     Lair:5 |    6249 |     491 |   7.3 |      20 |       6 |  23.1
     Lair:6 |    4117 |   12247 |  74.8 |      16 |      23 |  59.0
    Swamp:1 |   10225 |    2318 |  18.5 |      26 |       1 |   3.7
    Swamp:2 |    9794 |       0 |   0.0 |      34 |       0 |   0.0
    Swamp:3 |    7719 |    4057 |  34.5 |      20 |       7 |  25.9
    Swamp:4 |    8116 |   19687 |  70.8 |      16 |      23 |  59.0
    Snake:1 |   13120 |    5750 |  30.5 |      29 |      16 |  35.6
    Snake:2 |   26583 |       0 |   0.0 |      55 |       0 |   0.0
    Snake:3 |   18093 |    8712 |  32.5 |      34 |      10 |  22.7
    Snake:4 |   21611 |   41890 |  66.0 |      32 |      43 |  57.3
      Orc:1 |    1898 |       0 |   0.0 |      20 |       0 |   0.0
      Orc:2 |    9382 |   14300 |  60.4 |      39 |      64 |  62.1
      Elf:1 |   20889 |    8330 |  28.5 |      31 |      15 |  32.6
      Elf:2 |    7113 |   22392 |  75.9 |      11 |      28 |  71.8
      Elf:3 |   12641 |   66044 |  83.9 |      20 |      39 |  66.1
   Vaults:1 |   21851 |   20645 |  48.6 |      38 |      27 |  41.5
   Vaults:2 |   27711 |   25869 |  48.3 |      52 |      37 |  41.6
   Vaults:3 |   42647 |   45090 |  51.4 |      49 |      53 |  52.0
   Vaults:4 |   11364 |   21513 |  65.4 |      18 |      31 |  63.3
   Vaults:5 |    9020 |   17602 |  66.1 |      12 |      13 |  52.0
   Depths:1 |   36105 |    5901 |  14.0 |      57 |       3 |   5.0
   Depths:2 |   29006 |   46499 |  61.6 |      33 |      52 |  61.2
   Depths:3 |   30519 |   28251 |  48.1 |      33 |      32 |  49.2
   Depths:4 |   69530 |   12400 |  15.1 |      74 |       9 |  10.8
   Depths:5 |   42097 |   16736 |  28.4 |      42 |      13 |  23.6
    Abyss:2 |   15391 |       0 |   0.0 |      16 |       0 |   0.0
    Abyss:3 |       0 |    1468 | 100.0 |       0 |       2 | 100.0
    Ossuary |       0 |     328 | 100.0 |       0 |      14 | 100.0
      IceCv |       0 |   11553 | 100.0 |       0 |      28 | 100.0
    Volcano |       0 |    3343 | 100.0 |       0 |       8 | 100.0
   Gauntlet |       0 |    4665 | 100.0 |       0 |       8 | 100.0
            +---------+---------+-------+---------+---------+-------
